 Dungeon Crawl Stone Soup version 0.27-a0-412-g8dd771eca2 (webtiles) character file.

Game seed: 3719725711528708000

4433 Morbidden the Destroyer (level 10, -6/73 HPs)
             Began as a Demonspawn Conjurer on Feb 24, 2021.
             Was an Elder of Vehumet.
             Mangled by a basilisk (7 damage)
             ... while petrified by a basilisk
             ... on level 8 of the Dungeon.
             The game lasted 00:18:39 (11595 turns).

Morbidden the Destroyer (Demonspawn Conjurer)      Turns: 11595, Time: 00:18:39

Health: -6/73      AC:  6    Str: 17    XL:     10   Next: 14%
Magic:  21/21      EV:  2    Int: 22    God:    Vehumet [****..]
Gold:   363        SH:  0    Dex: 17    Spells: 9/24 levels left

rFire    . . .     SeeInvis .   b - +1 trident (venom)
rCold    . . .     Faith    .   (no shield)
rNeg     + + +     Spirit   .   n - +0 leather armour
rPois    ∞         Reflect  .   h - +1 helmet
rElec    .         Harm     .   (no cloak)
rCorr    .         Rampage  .   s - +0 pair of gloves
Will     .....                  (no boots)
Stlth    ++........             o - amulet of regeneration
HPRegen  1.22/turn              j - +6 ring of dexterity
MPRegen  0.17/turn              w - +6 ring of strength

@: petrified
A: hooves 1, spiny 2, big brain 1
a: Renounce Religion


You were on level 8 of the Dungeon.
You worshipped Vehumet.
Vehumet was greatly pleased with you.
You visited 1 branch of the dungeon, and saw 8 of its levels.
You also visited: Ossuary.

You collected 363 gold pieces.

Inventory:

Hand Weapons
 b - a +1 trident of venom (weapon)
Missiles
 e - 18 poisoned darts (quivered)
 B - 2 javelins
 D - 11 boomerangs
Armour
 h - a +1 helmet (worn)
 n - a +0 leather armour (worn)
 s - a +0 pair of gloves (worn)
Magical Staves
 a - a staff of air
Jewellery
 j - a +6 ring of dexterity (left hand)
 o - an amulet of regeneration (around neck)
 w - a +6 ring of strength (right hand)
Wands
 i - a wand of polymorph (7)
 m - a wand of iceblast (4)
 z - a wand of random effects (13)
 H - a wand of acid (9)
Scrolls
 c - 5 scrolls of identify
 d - 2 scrolls of magic mapping
 f - 5 scrolls of immolation
 g - 5 scrolls of noise {unknown}
 k - 5 scrolls of random uselessness
 l - 2 scrolls of enchant weapon {unknown}
 r - a scroll of amnesia {unknown}
 x - 2 scrolls of enchant armour
 A - 2 scrolls of fear {unknown}
 I - 3 scrolls of teleportation {unknown}
Potions
 p - a potion of curing
 q - 2 potions of haste {unknown}
 t - 3 potions of heal wounds
 u - 2 potions of might {unknown}
 v - 6 potions of degeneration {unknown}
 C - 2 potions of brilliance {unknown}
 E - 3 potions of mutation
 F - 2 potions of attraction
 G - a potion of flight


   Skills:
 * Level 4.5 Fighting
 + Level 0.1 Maces & Flails
 + Level 2.4 Polearms
 + Level 2.3 Armour
 + Level 2.9 Dodging
 + Level 2.9 Stealth
 + Level 0.8 Unarmed Combat
 * Level 7.8 Spellcasting
 + Level 8.6 Conjurations
 + Level 4.8 Translocations
 * Level 2.4 Fire Magic


You had 9 spell levels left.
You knew the following spells:

 Your Spells              Type           Power        Failure   Level
a - Foxfire               Conj/Fire      100%         1%          1
b - Searing Ray           Conj           92%          1%          2
c - Static Discharge      Conj/Air       27%          1%          3
d - Airstrike             Air            4%           22%         4
e - Magic Dart            Conj           100%         1%          1
z - Iskenderun's Mystic   Conj/Tloc      38%          1%          4

Your spell library contained the following spells:

 Spells                   Type           Power        Failure   Level
 Dazzling Flash           Conj/Hex       54%          1%          3
 Fulminant Prism          Conj/Hex       13%          4%          4


Dungeon Overview and Level Annotations

Branches:
Dungeon (8/15)             Temple (0/1) D:6         Ossuary (visited)
   Lair: D:8-11

Altars:
Dithmenos
Elyvilon
Fedhas
Gozag
Hepliaklqana
Okawaru
Qazlal
Ru
Sif Muna
Trog
Vehumet
Wu Jian
Xom
Yredelemnul
The Shining One

Shops:
D:5 [   D:6 *(

Annotations:
D:5 exclusion: oklob plant
D:7 2 transporters, iamserjio's ghost, weakling FoEE


Innate Abilities, Weirdness & Mutations

You have large cloven feet.
You are mostly covered in sharp spines.
You have an unusually large brain. (Int +2)


Message History

The basilisk gazes at you. You resist with some effort.
The two-headed ogre is struck by your spines.
Flame seeps out of the two-headed ogre.
The two-headed ogre completely misses you.
The two-headed ogre hits you with a +0 giant club!!
The basilisk gazes at you. The basilisk bites you!
The two-headed ogre is engulfed in blazing flames.
Flame seeps out of the two-headed ogre.
The two-headed ogre hits you with a +0 giant spiked club!
The two-headed ogre hits you with a +0 giant club!
The basilisk gazes at you. You resist with some effort.
The two-headed ogre is struck by your spines.
Flame seeps out of the two-headed ogre.
The two-headed ogre barely misses you.
The two-headed ogre hits you with a +0 giant club!
The basilisk bites you!
The two-headed ogre is engulfed in blazing flames.
Flame seeps out of the two-headed ogre.
The two-headed ogre hits you with a +0 giant spiked club.
The two-headed ogre hits you with a +0 giant club!
* * * LOW HITPOINT WARNING * * *
The basilisk bites you.
* * * LOW HITPOINT WARNING * * *
The basilisk gazes at you. You resist with some effort.
The two-headed ogre is engulfed in blazing flames.
Flame seeps out of the two-headed ogre.
The two-headed ogre is struck by your spines.
Flame seeps out of the two-headed ogre.
The two-headed ogre hits you with a +0 giant spiked club!
* * * LOW HITPOINT WARNING * * *
The two-headed ogre barely misses you. The basilisk bites you.
* * * LOW HITPOINT WARNING * * *
The two-headed ogre hits you with a +0 giant spiked club!!
* * * LOW HITPOINT WARNING * * *
The two-headed ogre barely misses you. The basilisk bites you!
You die...

..............###...
#####
.........####..##.#
#...# ......##.#
##)...#### #....
.#######..#
##.†<....# ####.# ##
....##.......##
#....# #
....##÷......#
#..... #
.........÷....####
#..... .
.............#...#
#.....
..........@....###
###.>.
.........lO......#
#.....
.>...##....?...###
####.#
...P...#.....#.# #.#
...............#
#####.#
.............
#......
.....P...##.##
####..# .P......# .#
##..# ..P...♣.. .#
#...#


You could see a two-headed ogre (inner flame) and a basilisk (inner flame).

Vanquished Creatures
  A wyvern (D:7)
  A steam dragon (D:8)
  4 water moccasins
  4 orc warriors
  An ice beast (D:8)
  3 black bears (D:8)
  2 wolves (D:8)
  5 ogres
  2 centaurs
  3 bullfrogs
  3 scorpions
  6 killer bees (D:8)
  A howler monkey (D:5)
  3 quasits
  2 bullfrog zombies
  A centaur zombie (Ossuary)
  8 hounds
  2 human zombies (Ossuary)
  A bullfrog skeleton (D:5)
  7 orc priests
  2 iguanas
  6 orc wizards
  7 worker ants
  A killer bee zombie (D:5)
  A hound skeleton (D:4)
  6 mummies
  A worker ant zombie (D:7)
  Robin (D:2)
  7 gnolls
  9 adders
  3 shadow imps
  A white imp (D:8)
  An ufetubus (D:8)
  3 oozes
  2 adder skeletons (D:4)
  An adder zombie (D:8)
  A dart slug (D:4)
  7 leopard geckos
  30 orcs
  12 giant cockroaches
  A gnoll zombie (Ossuary)
  14 goblins
  9 hobgoblins
  9 jackals
  7 kobolds
  4 quokkas
  A ball python (D:3)
  10 bats
  8 frilled lizards
  A goblin zombie (D:7)
  2 hobgoblin zombies (Ossuary)
  2 kobold zombies
  A leopard gecko skeleton (D:8)
  An orc zombie (Ossuary)
  A quokka skeleton (D:4)
  8 rats
241 creatures vanquished.

Vanquished Creatures (others)
  367 foxfires
  21 fungi (D:8)
  12 plants
400 creatures vanquished.

Grand Total: 641 creatures vanquished

Notes
Turn   | Place    | Note
-------+----------+-------------------------------------------
     0 | D:1      | Morbidden the Demonspawn Conjurer began the quest for the
                  | Orb.
     0 | D:1      | Reached XP level 1. HP: 13/13 MP: 3/3
   382 | D:1      | Gained mutation: You have an unusually large brain. (Int
                  | +2) [demonic ancestry]
   382 | D:1      | Reached XP level 2. HP: 11/20 MP: 1/5
   385 | D:1      | Learned a level 2 spell: Searing Ray
  1310 | D:2      | Found a radiant altar of Vehumet.
  1326 | D:2      | Became a worshipper of Vehumet
  1334 | D:2      | Noticed Robin
  1399 | D:2      | Killed Robin
  1400 | D:2      | Reached XP level 3. HP: 25/25 MP: 1/6
  1550 | D:2      | Reached skill level 1 in Fighting
  1983 | D:2      | Gained mutation: You are partially covered in sharp spines.
                  | [demonic ancestry]
  1983 | D:2      | Reached XP level 4. HP: 32/32 MP: 3/7
  2141 | D:2      | Reached * piety under Vehumet
  2141 | D:2      | Offered knowledge of Foxfire by Vehumet.
  2145 | D:2      | Learned a level 1 spell: Foxfire
  2522 | D:2      | Reached skill level 5 in Conjurations
  2600 | D:2      | Found a bloodstained altar of Trog.
  2732 | D:2      | Reached XP level 5. HP: 13/37 MP: 7/9
  3298 | D:3      | Reached ** piety under Vehumet
  3298 | D:3      | Offered knowledge of Shock by Vehumet.
  3299 | D:3      | Reached XP level 6. HP: 43/43 MP: 5/11
  3725 | D:3      | Found an iron altar of Okawaru.
  3815 | D:3      | Found a basalt altar of Yredelemnul.
  3866 | D:3      | Found an ornate altar of the Wu Jian Council.
  3929 | D:3      | Noticed an orc warrior
  3939 | D:3      | Killed an orc warrior
  3940 | D:3      | Reached skill level 6 in Conjurations
  4035 | D:3      | Learned a level 4 spell: Iskenderun's Mystic Blast
  4188 | D:3      | Found a white marble altar of Elyvilon.
  4229 | D:3      | Found a glowing golden altar of the Shining One.
  4334 | D:4      | Found a stormy altar of Qazlal.
  4337 | D:4      | Noticed an air elemental
  4337 | D:4      | Noticed a water elemental
  4337 | D:4      | Noticed a fire elemental
  4382 | D:4      | Reached skill level 1 in Fire Magic
  4459 | D:4      | Found a shimmering altar of Xom.
  4674 | D:4      | Found a shadowy altar of Dithmenos.
  4714 | D:4      | Offered knowledge of Static Discharge by Vehumet.
  4715 | D:4      | Gained mutation: You are mostly covered in sharp spines.
                  | [demonic ancestry]
  4715 | D:4      | Reached XP level 7. HP: 33/50 MP: 10/13
  5059 | D:4      | Found a shimmering blue altar of Sif Muna.
  5421 | D:5      | Entered Level 5 of the Dungeon
  5425 | D:5      | Reached skill level 1 in Translocations
  5707 | D:5      | Reached *** piety under Vehumet
  5789 | D:5      | Learned a level 3 spell: Static Discharge
  5934 | D:5      | Got a smoking whip
  5935 | D:5      | Identified the +5 whip of Qebav {vorpal, rF+} (You found it
                  | on level 5 of the Dungeon)
  5963 | D:5      | Reached skill level 1 in Armour
  6024 | D:5      | Reached skill level 5 in Spellcasting
  6335 | D:5      | Found a blossoming altar of Fedhas.
  6349 | D:5      | Noticed an oklob plant
  6463 | D:5      | Reached XP level 8. HP: 57/57 MP: 12/15
  6482 | D:5      | Found Ozakil's Armour Shop.
  6790 | D:6      | Found a hazy altar of Hepliaklqana.
  6863 | D:6      | Offered knowledge of Mephitic Cloud by Vehumet.
  7004 | D:6      | Found a staircase to the Ecumenical Temple.
  7575 | D:6      | Found Jixiz's Antique Weapon Boutique.
  7701 | D:6      | Reached skill level 7 in Conjurations
  7894 | D:6      | Found Gozag's Platinum Reserve.
  8115 | D:6      | Found an opulent altar of Gozag.
  8119 | D:6      | Reached **** piety under Vehumet
  8315 | D:6      | Found a shimmering altar of Xom.
  8324 | D:6      | Reached skill level 1 in Polearms
  8440 | D:7      | Found a sand-covered staircase.
  8447 | Ossuary  | Entered an ossuary
  8495 | Ossuary  | Offered knowledge of Lightning Bolt by Vehumet.
  8821 | D:7      | Reached XP level 9. HP: 64/64 MP: 14/18
  9430 | D:7      | Noticed a moth of wrath
  9431 | D:7      | Noticed iamserjio's ghost (weakling FoEE)
  9438 | D:7      | Found a sacrificial altar of Ru.
  9502 | D:7      | Found a transporter.
  9512 | D:7      | Found a transporter.
  9850 | D:8      | Noticed a two-headed ogre
 10788 | D:7      | Reached ***** piety under Vehumet
 10818 | D:8      | Reached skill level 8 in Conjurations
 10857 | D:8      | Offered knowledge of Airstrike by Vehumet.
 10904 | D:8      | Learned a level 4 spell: Airstrike
 11164 | D:8      | Gained mutation: You have large cloven feet. [demonic
                  | ancestry]
 11164 | D:8      | Reached XP level 10. HP: 73/73 MP: 14/21
 11595 | D:8      | HP: 1/73 [two-headed ogre/+0 giant spiked club (14)]
 11595 | D:8      | Mangled by a basilisk

Illustrated notes

Levels and vault maps discovered:
D:1:      dpeg_arrival_prison, layout_basic
D:2:      layout_loops_cross, lightli_temple_of_fire, overflow_temple_1_default,
          uniq_robin
D:3:      layout_loops_ring, kennysheep_ying_yang, lemuel_crystal_altar,
          tso_altar, overflow_temple_1_default, kennysheep_generic_room_5
D:4:      layout_basic, nicolae_dithmenos_the_darkroom, lemuel_blue_sif_altar,
          nicolae_qazlal_style_of_elements, dk_vineyard_3, xom_teletrap_fun
D:5:      layout_basic, serial_shops, shop, minivault_19, nrook_pool_corridor,
          tgw_fedhas
D:6:      layout_loops_ring, old_standard_altar,
          nicolae_gozag_zags_fifth_avenue, kennysheep_mini,
          minmay_temple_entry_sparse_star, serial_shops,
          nicolae_shop_overgrown_old_shop
D:7:      layout_basic, kennysheep_little_box,
          gammafunk_ghost_berserking_beasts, nicolae_ossuary_entry_giza
D:8:      kennysheep_steamy, layout_rooms, minmay_lair_entry_grove

Skill      XL: |  1  2  3  4  5  6  7  8  9 |
---------------+----------------------------+-----
Fighting       | 1 2 3 4 |  4.5
Stealth        | 2 |  2.9
Conjurations   | 5 6 7 8 |  8.6
Dodging        | 2 |  2.9
Spellcasting   | 3 4 5 6 7 |  7.8
Fire Magic     | 1 2 |  2.4
Translocations | 1 2 4 |  4.8
Armour         | 1 2 |  2.3
Polearms       | 1 2 |  2.4
Maces & Flails | |  0.1
Unarmed Combat | |  0.8

Action                   |  1- 3 |  4- 6 |  7- 9 | 10-12 || total
-------------------------+-------+-------+-------+-------++-------
Melee: Unarmed           |    15 |       |       |       ||    15
       Trident           |       |       |    71 |       ||    71
       Whip              |       |       |     2 |       ||     2
       Punch             |       |       |     1 |       ||     1
       Staff             |       |       |       |     1 ||     1
       Kick              |       |       |       |     1 ||     1
 Cast: Magic Dart        |    64 |     9 |       |       ||    73
       Searing Ray       |     5 |    11 |    29 |     3 ||    48
       Foxfire           |       |    96 |   129 |     3 ||   228
       Iskenderun's Myst |       |       |    43 |     7 ||    50
  Use: Scroll            |       |     2 |     5 |     2 ||     9
       Potion            |       |       |     3 |       ||     3
 Stab: Sleeping          |       |       |     2 |       ||     2
       Distracted        |       |       |     1 |       ||     1
Armor: Robe              |     4 |     2 |       |       ||     6
       Leather armour    |       |     2 |    37 |     2 ||    41
Dodge: Dodged            |    18 |    15 |    57 |    13 ||   103

Table legend: (Time is in decaauts)
 A = Elapsed time spent in this place.
 B = Non-inter-level travel time spent in this place.
 C = Inter-level travel time spent in this place.
 D = Time resting spent in this place.
 E = Time spent auto-exploring this place.
 F = Levels seen in this place.
 G = Mean time per level.
                   A        B        C        D        E       F      G
               +--------+--------+--------+--------+--------+-----+--------+
         Total |  11622 |  10841 |    781 |   1500 |   7755 |   9 | 1291.3 |
       Dungeon |  11267 |  10486 |    781 |   1487 |   7567 |   8 | 1408.4 |
       Ossuary |    354 |    354 |      0 |     13 |    188 |   1 |  354.0 |
               +--------+--------+--------+--------+--------+-----+--------+

Top non-repeatable levels by time:
     D:7: 2331 daAuts
     D:2: 1755 daAuts
     D:6: 1623 daAuts
     D:5: 1368 daAuts
     D:1: 1294 daAuts
     D:3: 1278 daAuts
     D:4: 1094 daAuts
     D:8: 520 daAuts
 Ossuary: 354 daAuts
